 Dungeon Crawl Stone Soup version 0.24-a0-619-gb7544fd237 (webtiles) character file.

Game seed: 8837131532457103134, levelgen mode: deterministic

287 KapersCrawl the Sneak (level 6, -2/36 HPs)
             Began as an Octopode Conjurer on Sept 17, 2019.
             Was an Initiate of Gozag.
             Shot with an arrow by a centaur (14 damage)
             ... on level 5 of the Dungeon.
             The game lasted 00:16:09 (4107 turns).

KapersCrawl the Sneak (Octopode Conjurer)           Turns: 4107, Time: 00:16:09

Health: -2/36      AC:  1    Str:  7    XL:     6   Next: 30%
Magic:  4/9        EV: 13    Int: 19    God:    Gozag
Gold:   177        SH:  0    Dex: 13    Spells: 4/10 levels left

rFire    . . .     SeeInvis .   b - +2 hunting sling
rCold    . . .     Gourm    .   (no shield)
rNeg     . . .     Faith    .   (helmet restricted)
rPois    .         Spirit   .   (no amulet)
rElec    .         Reflect  .   (no ring)
rCorr    .         Harm     .   (no ring)
MR       .....                  (no ring)
Stlth    ++++......             (no ring)
HPRegen  0.12/turn              (no ring)
MPRegen  0.11/turn              (no ring)
                                (no ring)
                                (no ring)

@: lethally poisoned (-2 -> -5), marked, gold aura
A: almost no armour, stealthy swim, amphibious, 8 rings, constrict 8, camouflage
1, gelatinous body 1
a: Potion Petition, Call Merchant, Bribe Branch, Renounce Religion


You were on level 5 of the Dungeon.
You worshipped Gozag.
Gozag was aware of your devotion.
You were near starving.

You visited 1 branch of the dungeon, and saw 5 of its levels.

You collected 249 gold pieces.
You paid 72 gold pieces to Gozag.

Inventory:

Hand Weapons
 a - a +0 spear
 b - a +2 hunting sling (weapon)
 c - a +3 quarterstaff of chaos
 v - a +1 dagger of venom
Missiles
 i - 108 stones (quivered)
 j - a throwing net
 k - 3 curare-tipped darts
 r - 40 sling bullets
 t - 50 poisoned darts
 u - 6 boomerangs
Jewellery
 s - an uncursed ring of wizardry {unknown}
 w - an uncursed ring of poison resistance {unknown}
 y - an uncursed ring of fire {unknown}
Scrolls
 f - a scroll of enchant armour {unknown}
 g - a scroll of magic mapping
 l - 2 scrolls of teleportation
 m - a scroll of remove curse {unknown}
 n - a scroll of identify
 p - a scroll of immolation {unknown}
Potions
 h - a potion of brilliance
 o - a potion of ambrosia
 q - 2 potions of lignification
 x - a potion of haste
 z - 2 potions of curing {unknown}
 A - 2 potions of cancellation {unknown}
 B - a potion of resistance {unknown}
 C - a potion of agility {unknown}
 D - a potion of might {unknown}
Comestibles
 e - 4 rations


   Skills:
 - Level 2.0 Dodging
 - Level 6.0 Stealth
 + Level 2.5 Spellcasting
 - Level 6.0 Conjurations


You had 4 spell levels left.
You knew the following spells:

 Your Spells              Type           Power        Failure   Level  Hunger
a - Magic Dart            Conj           ####         1%          1    #......
b - Searing Ray           Conj           ####..       1%          2    ##.....
c - Dazzling Spray        Conj/Hex       ##....       14%         3    ###....

Your spell library contained the following spells:

 Spells                   Type           Power        Failure   Level  Hunger
 Iskenderun's Mystic Bla  Conj           ####....     13%         4    #####..
 Force Lance              Conj/Tloc      ##......     41%         4    #####..
 Fulminant Prism          Conj/Hex       ##........   41%         4    #####..


Dungeon Overview and Level Annotations

Branches:
Dungeon (5/15)
 Temple: D:4-7

Altars:
Dithmenos
Fedhas
Gozag

Annotations:
D:5 exclusion: hippogriff


Innate Abilities, Weirdness & Mutations

You cannot wear most types of armour.
You are very stealthy in the water. (Stealth+)
You are amphibious.
You can wear up to eight rings at the same time.
You can use your tentacles to constrict eight enemies at once.
Your skin changes colour to match your surroundings (Stealth+).
Your rubbery body absorbs attacks. (AC +1, EV +1)


Message History

A centaur comes into view.
Okay, then.
As you read the scroll of fear, it crumbles to dust.
You assume a fearsome visage.
The centaur looks frightened!
Press: ? - help, v - describe, . - travel
Here: a hippogriff The floor.
You feel sick.
You feel sick.
As you read the scroll of fear, it crumbles to dust.
You assume a fearsome visage.
The centaur looks frightened!
The hippogriff looks frightened!
The centaur wields a +0 shortbow.
The centaur shoots an arrow.
The arrow closely misses you.
The centaur shoots an arrow.
The arrow barely misses you.
A leopard gecko comes into view.
A shadow imp comes into view.
You see here an arrow.
You feel sick.
The centaur shoots an arrow.
The arrow hits you!
The centaur shoots an arrow.
The arrow hits you!
You die...
Your body crumbles into a pile of gold.

####.#####.#......
#..#.# #.#.#####
#..#.# #.#.#
#..#.# ###.#.# $
#..#.# #.....#
#..#.###.#.###
##..c..l..#...
#...#5#########
#.@...# #.#(###
#.#(# #.#.# #.#.#
#.#.# #####
#.#.###......
#.#H.(+.....c
#.#####...(..


You could see a hippogriff (fleeing), a centaur and a shadow imp.

Vanquished Creatures
  A scorpion (D:5)
  A hound (D:4)
  A bullfrog skeleton (D:4)
  An orc priest (D:3)
  Crazy Yiuf (D:2)
  A howler monkey zombie (D:2)
  A gnoll (D:1)
  4 adders
  2 worms (D:3)
  A leopard gecko (D:3)
  5 orcs (D:3)
  2 ball pythons (D:2)
  3 bats
  2 giant cockroaches
  6 goblins
  5 hobgoblins
  4 jackals (D:1)
  2 quokkas (D:3)
  6 frilled lizards
  3 kobolds
  10 rats
62 creatures vanquished.

Notes
Turn   | Place    | Note
-------+----------+-------------------------------------------
     0 | D:1      | KapersCrawl the Octopode Conjurer began the quest for the
                  | Orb.
     0 | D:1      | Reached XP level 1. HP: 11/11 MP: 3/3
   159 | D:1      | Reached XP level 2. HP: 10/17 MP: 0/5
   217 | D:1      | Learned a level 2 spell: Searing Ray
   585 | D:1      | Reached XP level 3. HP: 21/21 MP: 0/6
  1497 | D:2      | Reached skill level 5 in Stealth
  1497 | D:2      | Reached XP level 4. HP: 27/27 MP: 2/7
  1589 | D:2      | Found a blossoming altar of Fedhas.
  1876 | D:2      | Found a runed translucent door.
  1877 | D:2      | Noticed Crazy Yiuf
  2080 | D:2      | Killed Crazy Yiuf
  2190 | D:3      | Found an opulent altar of Gozag.
  2571 | D:3      | Reached XP level 5. HP: 31/31 MP: 8/8
  2719 | D:3      | Found a shadowy altar of Dithmenos.
  2805 | D:3      | Reached skill level 5 in Conjurations
  3484 | D:4      | Reached XP level 6. HP: 26/36 MP: 1/9
  3609 | D:4      | Learned a level 3 spell: Dazzling Spray
  3650 | D:3      | Became a worshipper of Gozag Ym Sagoz the Greedy
  3998 | D:5      | Entered Level 5 of the Dungeon
  4058 | D:5      | Noticed a hippogriff
  4107 | D:5      | Shot with an arrow by a centaur

Levels and vault maps discovered:
D:1:      lightli_arrival_maybe_door_vault, layout_basic
D:2:      layout_loops_corners, wad_floor_pattern_2, fedhas_altar_3,
          uniq_crazy_yiuf_cottage
D:3:      layout_basic, lemuel_round_altar, lemuel_round_altar
D:4:      layout_basic
D:5:      layout_basic, overflow_temple_1_default,
          gammafunk_temple_overflow_wave, minmay_temple_entry_ruins,
          first_ration, uniq_ijyb

Skill      XL: |  1  2  3  4  5  6 |
---------------+-------------------+-----
Stealth        | 3 4 5 6 |  6.0
Conjurations   | 5 6 |  6.0
Dodging        | |  2.0
Spellcasting   | |  2.5

Action                   |  1- 3 |  4- 6 || total
-------------------------+-------+-------++-------
Melee: Dagger            |     1 |       ||     1
       Unarmed           |     1 |       ||     1
       Spear             |       |     9 ||     9
       Tentacles         |       |     3 ||     3
       Constrict         |       |     2 ||     2
 Fire: Hunting sling     |    16 |    66 ||    82
Throw: Dart              |       |     7 ||     7
 Cast: Magic Dart        |    37 |    19 ||    56
       Searing Ray       |     2 |    10 ||    12
  Use: Scroll            |     3 |     8 ||    11
  Eat: Chunk             |     2 |     7 ||     9
Armor: Skin              |       |     2 ||     2
Dodge: Dodged            |     3 |    26 ||    29

Table legend:
 A = Non-vault XP
 B = Vault XP
 C = Vault XP percentage of total XP
 D = Non-vault monster count
 E = Vault monster count
 F = Vault count percentage of total count
                 A         B        C        D         E       F
            +---------+---------+-------+---------+---------+-------
      Total |     372 |      39 |   9.5 |      61 |       1 |   1.6
            +---------+---------+-------+---------+---------+-------
        D:1 |      51 |       0 |   0.0 |      25 |       0 |   0.0
        D:2 |      41 |      39 |  48.8 |      10 |       1 |   9.1
        D:3 |     111 |       0 |   0.0 |      22 |       0 |   0.0
        D:4 |     102 |       0 |   0.0 |       3 |       0 |   0.0
        D:5 |      67 |       0 |   0.0 |       1 |       0 |   0.0
            +---------+---------+-------+---------+---------+-------
